 Dungeon Crawl Stone Soup version 0.24.0-7-gb3623d2c88 (webtiles) character file.

Game seed: 4016395413679436298, levelgen mode: deterministic

85067 Monsterracer the Severer (level 15, 0/144 HPs)
             Began as a Deep Dwarf Fighter on Nov 2, 2019.
             Was the Champion of Makhleb.
             Slain by a spark wasp (5 damage)
             ... on level 4 of the Spider Nest.
             The game lasted 00:16:08 (15864 turns).

Monsterracer the Severer (Deep Dwarf Fighter)      Turns: 15864, Time: 00:16:09

Health: 0/144      AC: 25    Str: 30    XL:     15   Next: 37%
Magic:  0/2        EV: 13    Int:  9    God:    Makhleb [******]
Gold:   236        SH:  0    Dex: 20    Spells: 14/14 levels left

rFire    + + .     SeeInvis .   a - +2 battleaxe (freeze)
rCold    + + .     Gourm    .   (shield currently unavailable)
rNeg     + . .     Faith    +   k - +3 chain mail {rF+}
rPois    +         Spirit   .   g - +2 hat {MR+}
rElec    .         Reflect  .   K - +1 cloak {rC+}
rCorr    .         Harm     .   y - +2 pair of gloves
MR       +++..                  Q - +0 pair of boots
Stlth    ..........             H - amulet of Sixuw {Faith rC+ Dex+4}
HPRegen  0.00/turn              L - ring of Esiasuc {rPois rF+ Dex+4, =R}
MPRegen  0.08/turn              T - +4 ring of strength

@: about to teleport, non-regenerating
A: damage resistance, heal wounds, negative energy resistance 1, sense
surroundings 2, no regeneration
a: Heal Wounds, Minor Destruction, Lesser Servant of Makhleb, Major Destruction,
Greater Servant of Makhleb, Renounce Religion


You were on level 4 of the Spider Nest.
You worshipped Makhleb.
Makhleb was exalted by your worship.
You were not hungry.

You visited 5 branches of the dungeon, and saw 24 of its levels.
You also visited: Ice Cave.

You collected 2151 gold pieces.
You spent 1915 gold pieces at shops.

Inventory:

Hand Weapons
 a - a +2 battleaxe of freezing (weapon)
   (You took it off a frost giant in an ice cave)
 b - a +2 hand axe of flaming
   (You took it off an orc on level 8 of the Dungeon)
 J - a +4 battleaxe
   (You took it off a wight on level 3 of the Dungeon)
Missiles
 M - 2 throwing nets (quivered) {!f}
Armour
 g - a +2 hat of magic resistance (worn)
   (You took it off Gastronok on level 2 of the Lair of Beasts)
 k - a +3 chain mail of fire resistance (worn)
   (You found it on level 6 of the Lair of Beasts)
 q - a +0 shield
 y - a +2 pair of gloves (worn)
   (You bought it in a shop on level 7 of the Dungeon)
 K - a +1 cloak of cold resistance (worn)
   (You found it in an ice cave)
 Q - a +0 pair of boots (worn)
   (You found it on level 5 of the Lair of Beasts)
Jewellery
 i - a +3 ring of dexterity
   (You took it off a deep elf mage on level 10 of the Dungeon)
 H - the amulet of Sixuw (around neck) {Faith rC+ Dex+4}
   (You found it on level 7 of the Dungeon)

   [amulet of faith]

   It allows you to gain divine favour quickly.
   It affects your dexterity (+4).
   It protects you from cold.
 L - the ring of Esiasuc (left hand) {rPois rF+ Dex+4, =R}
   (You bought it in a shop on level 2 of the Orcish Mines)

   [ring of dexterity]

   It affects your dexterity (+4).
   It protects you from fire.
   It protects you from poison.
 N - an uncursed ring of flight
   (You found it on level 5 of the Lair of Beasts)
 T - a +4 ring of strength (right hand)
   (You found it on level 5 of the Lair of Beasts)
Wands
 p - a wand of paralysis (7)
   (You found it on level 7 of the Dungeon)
 v - a wand of polymorph (17)
   (You found it on level 8 of the Dungeon)
 B - a wand of enslavement (8)
   (You took it off an orc on level 8 of the Dungeon)
 C - a wand of acid (4)
   (You found it on level 6 of the Lair of Beasts)
 D - a wand of clouds (4)
   (You found it on level 9 of the Dungeon)
 E - a wand of iceblast (9)
   (You found it on level 9 of the Dungeon)
 F - a wand of disintegration (21)
   (You found it on level 1 of the Lair of Beasts)
 O - a wand of flame (25)
   (You found it on level 4 of the Dungeon)
Scrolls
 f - 2 scrolls of identify
 l - 2 scrolls of holy word
 m - 2 scrolls of magic mapping
 r - 12 scrolls of remove curse
 A - 2 scrolls of fear {!r}
 R - a scroll of silence
Potions
 d - 5 potions of heal wounds
 e - 4 potions of curing
 h - 2 potions of haste
 j - 4 potions of might
 n - 12 potions of mutation {!q}
 o - a potion of invisibility
 s - 2 potions of ambrosia {!q}
 u - 3 potions of resistance
 w - 3 potions of lignification
 x - 2 potions of magic
 z - 5 potions of brilliance
 G - 3 potions of agility
 I - 3 potions of flight
Comestibles
 c - 31 rations


   Skills:
 * Level 11.9 Fighting
 * Level 17.7 Axes
 + Level 13.4 Armour
 - Level 5.6 Dodging
 - Level 4.4 Shields
 + Level 14.1 Invocations
 + Level 4.9 Evocations


You had 14 spell levels left.
You didn't know any spells.
Your spell library contained the following spells:

 Spells                   Type           Power        Failure   Level  Hunger
 Infusion                 Chrm           #...         80%         1    ##.....
 Magic Dart               Conj           #...         80%         1    ##.....
 Shock                    Conj/Air       #...         80%         1    ##.....
 Sting                    Conj/Pois      #...         80%         1    ##.....
 Poisonous Vapours        Pois/Air       #.....       91%         2    ###....
 Searing Ray              Conj           #.....       91%         2    ###....
 Shroud of Golubria       Chrm/Tloc      #.....       91%         2    ###....
 Song of Slaying          Chrm           #.......     91%         2    ###....
 Swiftness                Chrm/Air       #.......     91%         2    ###....
 Conjure Flame            Conj/Fire      #.......     99%         3    ####...
 Dazzling Spray           Conj/Hex       #.....       99%         3    ####...
 Mephitic Cloud           Conj/Pois/Air  #.......     99%         3    ####...
 Spectral Weapon          Hex/Chrm       #.......     99%         3    ####...
 Static Discharge         Conj/Air       #.......     99%         3    ####...
 Airstrike                Air            #.........   100%        4    #####..
 Force Lance              Conj/Tloc      #.......     100%        4    #####..
 Fulminant Prism          Conj/Hex       #.........   100%        4    #####..
 Iskenderun's Mystic Bla  Conj           #.......     100%        4    #####..
 Olgreb's Toxic Radiance  Pois           #.......     100%        4    #####..
 Bolt of Magma            Conj/Fire/Erth #.........   100%        5    ######.
 Iskenderun's Battlesphe  Conj/Chrm      #.......     100%        5    ######.
 Lightning Bolt           Conj/Air       #.........   100%        5    ######.
 Venom Bolt               Conj/Pois      #.........   100%        5    ######.
 Freezing Cloud           Conj/Ice/Air   #.........   100%        6    #######
 Iron Shot                Conj/Erth      #.........   100%        6    #######
 Orb of Destruction       Conj           #.........   100%        7    #######
 Ring of Flames           Chrm/Fire      #.........   100%        7    #######
 Spellforged Servitor     Conj/Summ      #.........   100%        7    #######
 Regeneration             Chrm/Necr      Unusable     N/A         3    N/A

Dungeon Overview and Level Annotations

Branches:
Dungeon (11/15)            Temple (1/1) D:6            Lair (6/6) D:11
 Shoals (0/4) Lair:3       Spider (4/4) Lair:4        Slime (0/5) Lair:6
    Orc (2/2) D:10            Elf (0/3) Orc:2         IceCv (visited)

Altars:
Ashenzari
Cheibriados
Dithmenos
Elyvilon
Fedhas
Gozag
Hepliaklqana
Kikubaaqudgha
Makhleb
Nemelex Xobeh
Okawaru
Qazlal
Ru
Sif Muna
Trog
Uskayaw
Vehumet
Wu Jian
Xom
Yredelemnul
Zin
The Shining One
Beogh
Jiyva

Shops:
D:7 *   D:11 *   Orc:2 ([=%

Annotations:
D:7 4 runed translucent doors


Innate Abilities, Weirdness & Mutations

You are resistant to damage.
You can heal yourself by infusing magical energy.
You resist negative energy. (rN+)
You passively map the area around you.
You do not regenerate.


Message History

The emperor scorpion goes berserk!
The spark wasp stings your Executioner! The spark wasp shocks your Executioner.
Your Executioner resists.
Your Executioner barely misses the spark wasp.
Your Executioner hits the spark wasp. x2
The emperor scorpion stings you but does no damage.
The emperor scorpion claws you but does no damage. x2
Your Executioner gestures at the spark wasp.
The spark wasp resists with significant effort.
The emperor scorpion stings your Executioner!
The emperor scorpion claws your Executioner.
The emperor scorpion misses your Executioner.
The spark wasp completely misses your Executioner.
The emperor scorpion stings you!
The emperor scorpion closely misses you.
The emperor scorpion claws you!
Your Executioner hits the emperor scorpion.
Your Executioner hits the emperor scorpion but does no damage. x2
The emperor scorpion stings your Executioner!!!
Your Executioner dies!
You feel you are being watched by something.
You feel your power leaking away.
The spark wasp buzzes angrily.
A demon appears!
The spark wasp evades a web.
The emperor scorpion stings you!! The emperor scorpion claws you!
The emperor scorpion claws you.
The emperor scorpion is caught in a web!
You feel you are being watched by something.
A demon appears!
The spark wasp stings you!!
* * * LOW HITPOINT WARNING * * *
The spark wasp shocks you!
* * * LOW HITPOINT WARNING * * *
The emperor scorpion stings you!
* * * LOW HITPOINT WARNING * * *
The emperor scorpion misses you.
The emperor scorpion closely misses you.
A hornet comes into view.
The emperor scorpion pulls away from the web.
The spark wasp stings you but does no damage.
The emperor scorpion stings you but does no damage.
The emperor scorpion claws you!
* * * LOW HITPOINT WARNING * * *
The emperor scorpion claws you but does no damage.
You feel you are being watched by something.
Your blizzard demon waves its arms in wide circles.
The air twists around and strikes the emperor scorpion!
You swap places.
The spark wasp is caught in a web!
The emperor scorpion is caught in a web!
The spark wasp stings your blizzard demon!!
The spark wasp shocks your blizzard demon.
Your blizzard demon completely resists.
The emperor scorpion closely misses your blizzard demon.
The emperor scorpion claws your blizzard demon! x2
The spark wasp pulls away from the web.
Your blizzard demon waves its arms in wide circles.
The air twists around and strikes the emperor scorpion.
The spark wasp stings your blizzard demon!
The spark wasp shocks your blizzard demon.
Your blizzard demon completely resists.
The emperor scorpion pulls away from the web.
The moth of wrath closely misses your blizzard demon.
The emperor scorpion stings your blizzard demon!!
Your blizzard demon dies!
The hornet is caught in a web!
The moth of wrath goads the hornet on!
The hornet goes berserk!
You feel much better.
The hornet pulls away from the web.
The emperor scorpion evades a web.
You feel you are being watched by something.
Your cacodemon hits the emperor scorpion.
Your cacodemon barely misses the emperor scorpion.
The emperor scorpion stings you but does no damage.
The emperor scorpion barely misses you. x2
The spark wasp stings your cacodemon!! The spark wasp shocks your cacodemon.
Your cacodemon resists.
The emperor scorpion stings your cacodemon!!!
The emperor scorpion claws your cacodemon!
Your cacodemon dies!
You hear an angry hiss.
Really read
t - a scroll of teleportation {!r}?
As you read the scroll of teleportation {!r}, it crumbles to dust.
You feel strangely unstable.
The hornet rages.
The emperor scorpion barely misses you.
The emperor scorpion claws you but does no damage.
The emperor scorpion claws you!
* * * LOW HITPOINT WARNING * * *
The hornet evades a web.
The emperor scorpion completely misses you.
The emperor scorpion claws you but does no damage.
The emperor scorpion claws you!
* * * LOW HITPOINT WARNING * * *
You feel much better.
The hornet evades a web.
The spark wasp is caught in a web!
The spark wasp stings you!
* * * LOW HITPOINT WARNING * * *
The spark wasp shocks you!
* * * LOW HITPOINT WARNING * * *
The emperor scorpion barely misses you.
The emperor scorpion claws you but does no damage. x2
You feel you are being watched by something.
The hornet is caught in a web!
The spark wasp stings you!
You die...

,, , , ^.^,
...##^.#^..# , **
*,.. yy.#####†..# ***
.##.., ##..≈## **
#y'#, *##...## , , *
#y^## #≈..≈# ≈ ,, *
#y.y# ##≈..≈# *
≈##yy###...^##.#
,^..##ss##≈...≈≈≈..#
*
.......y@..^^#≈≈≈...
####....^#######≈≈##*
#.^≈### ### #####


You could see 2 emperor scorpions, 2 spark wasps, a moth of wrath and 4 hornets.

Vanquished Creatures
  Gastronok (Lair:2)
  A frost giant (IceCv)
  An emperor scorpion (Spider:2)
  2 entropy weavers (Lair:5)
  5 dire elephants (Lair:6)
  An ettin (Orc:2)
  4 hydras (D:11 Lair:2 Lair:6)
  An ice dragon (Lair:2)
  2 catoblepae (D:11 Lair:3)
  An anaconda (Lair:6)
  A centaur warrior (Orc:2)
  A queen ant (Lair:5)
  Urug (D:10)
  4 death yaks (Lair:2)
  Nergalle (Lair:2)
  2 unseen horrors (D:10 D:11)
  2 lindwurms (Lair:1)
  2 orc knights (Orc:2)
  A deep elf mage (D:10)
  5 orb spiders (Spider:3 Spider:4)
  5 wolf spiders (Spider:1 Lair:4 Spider:3)
  An oklob plant (Lair:1)
  3 orc sorcerers (Orc:1)
  2 cyclopes (Orc:2)
  3 ice statues (IceCv Lair:2)
  4 black mambas (Lair:1 Lair:4 Lair:6)
  2 merfolk sirens (Lair:3)
  20 elephants (Lair:1 Lair:6 Lair:5)
  A gargoyle (D:10)
  Joseph (D:8)
  5 spiny frogs (Lair:3 Lair:4 Lair:6)
  4 rime drakes (Lair:1 Lair:2 Lair:6)
  3 komodo dragons (Lair:3 Lair:4 Lair:6)
  2 demonic crawlers (Spider:2 Spider:4)
  16 jumping spiders (Lair:4 Spider:1 Spider:4)
  2 merfolk (Lair:3)
  15 polar bears (IceCv Lair:5)
  3 trolls (D:11 Orc:2)
  4 hornets (D:9 D:10)
  7 blink frogs (Lair:1 Lair:3)
  7 dream sheep (Lair:6)
  5 hippogriffs (D:8 D:11 Lair:2 Lair:6 Lair:5)
  2 wyverns (D:9 Lair:5)
  A shadow (D:9)
  4 tarantellas (Lair:4 Spider:1 Spider:3)
  18 redbacks (Lair:4 Spider:1 Spider:4)
  A wraith (D:11)
  28 yaks (D:9 D:11 IceCv Lair:6 Lair:5)
  2 basilisks (D:11 Lair:6)
  A hungry ghost (D:8)
  Grum (D:10)
  A steam dragon (D:10)
  4 water moccasins (Lair:1 Lair:3 Lair:6)
  10 porcupines (Lair:1 Lair:2 Lair:3 Lair:4 Lair:5)
  16 soldier ants (D:9 Lair:5)
  Duvessa (D:7)
  13 ice beasts (D:11 Lair:1 Lair:2)
  34 orc warriors (D:9 D:10 Orc:1 Orc:2)
  3 sky beasts (D:5 D:10 D:11)
  A necrophage (D:10)
  A phantom (D:9)
  15 centaurs (D:4 D:6 D:8 D:10 D:11)
  9 ogres (D:6 D:8 D:9 D:11 Orc:1)
  16 wolves (D:10 IceCv)
  5 crocodiles (D:11 Lair:1 Lair:6 Lair:5)
  2 big kobolds (D:8 D:10)
  14 bullfrogs (D:6 D:7 D:8 D:10 D:11)
  Dowan (D:7)
  A scorpion (D:10)
  10 killer bees (D:8 D:10 D:11)
  9 wights (D:3 D:8)
  A vampire bat (D:4)
  2 electric eels (Lair:1 Lair:5)
  5 crimson imps (D:5 D:6 D:8 D:9 D:10)
  A bullfrog zombie (D:9)
  6 hounds (D:4 D:8 D:9 D:10)
  16 orc priests (D:4 D:5 D:8 D:10 D:11)
  2 bullfrog skeletons (D:7 D:9)
  A centaur skeleton (D:6)
  7 jellies (D:7 D:8 D:11)
  22 orc wizards (D:4 D:5 D:6 D:8 D:9)
  Terence (D:3)
  Jessica (D:2)
  3 iguanas (D:4 D:5 D:6)
  13 worker ants (D:4 D:5 D:9 D:11 Lair:5)
  A killer bee zombie (D:7)
  A hound skeleton (D:6)
  Robin (D:3)
  11 adders (D:2 D:3 D:6 D:7 D:8)
  A howler monkey skeleton (D:10)
  3 shadow imps (D:5 D:7 D:11)
  A white imp (Lair:2)
  An adder zombie (D:8)
  3 worms (D:2 D:3 D:4)
  7 dart slugs (D:1 D:2 D:3 D:4)
  3 fire bats (D:4)
  9 leopard geckos (D:2 D:3 D:4 D:6 D:7)
  84 orcs (D:3 D:4 D:5 D:6 D:8)
  2 spectral bats (D:4)
  4 ball pythons (D:1 D:3 D:4)
  19 bats (D:1 D:2 D:3 D:4)
  A bat simulacrum (D:4)
  3 bat skeletons (D:4)
  A bat zombie (D:4)
  3 giant cockroaches (D:2 D:6)
  14 goblins (D:1 D:2 D:3)
  7 hobgoblins (D:1 D:2 D:3)
  8 jackals (D:3 D:5)
  11 kobolds (D:1 D:2 D:3 D:8 D:10)
  4 quokkas (D:4 D:8 D:9 D:11)
  8 frilled lizards (D:1 D:2 D:3)
  A leopard gecko skeleton (D:5)
  A leopard gecko zombie (D:5)
  2 quokka zombies (D:5 D:6)
  5 rats (D:1 D:2 D:3)
  7 fungi (Lair:4 Lair:6 Lair:5)
  7 plants (Lair:1 Lair:6 Lair:5)
693 creatures vanquished.

Vanquished Creatures (collateral kills)
  2 ghost moths (Spider:4)
  An orb spider (Spider:4)
  3 wolf spiders (Spider:4)
  A demonic crawler (Spider:4)
  A troll (Orc:2)
  3 jumping spiders (Spider:4)
  10 redbacks (Spider:4)
  3 tarantellas (Spider:1 Spider:4)
  5 soldier ants (Lair:5)
  8 worker ants (Lair:5)
37 creatures vanquished.

Vanquished Creatures (others)
  Erica (D:10)
  An orb spider (Spider:1)
  A jumping spider (Spider:1)
  A polar bear (IceCv)
  A bush (Lair:6)
  2 fungi (Lair:1 Lair:2)
  4 plants (Lair:2 Lair:6)
  8 toadstools (Lair:1)
19 creatures vanquished.

Grand Total: 749 creatures vanquished

Notes
Turn   | Place    | Note
-------+----------+-------------------------------------------
     0 | D:1      | Monsterracer the Deep Dwarf Fighter began the quest for the
                  | Orb.
     0 | D:1      | Reached XP level 1. HP: 20/20 MP: 1/1
    91 | D:1      | Reached XP level 2. HP: 20/27 MP: 2/2
   444 | D:2      | Noticed Jessica
   454 | D:2      | Killed Jessica
   454 | D:2      | Reached skill level 3 in Axes
   454 | D:2      | Reached XP level 3. HP: 17/34 MP: 3/3
   683 | D:2      | Reached XP level 4. HP: 42/42 MP: 4/4
  1030 | D:3      | Noticed Robin
  1043 | D:3      | Killed Robin
  1054 | D:3      | Reached skill level 4 in Axes
  1095 | D:3      | Noticed Terence
  1105 | D:3      | Killed Terence
  1105 | D:3      | Reached XP level 5. HP: 30/49 MP: 5/5
  1344 | D:3      | HP: 19/49 [wight/cursed +2 battleaxe (6)]
  1346 | D:3      | Reached XP level 6. HP: 22/56 MP: 5/5
  1659 | D:4      | HP: 24/57 [orc priest/nerve-wracking pain (13)]
  1668 | D:4      | Reached skill level 5 in Axes
  1716 | D:4      | HP: 26/57 [worker ant (3)]
  1719 | D:4      | You fall into a shaft and drop 1 floor!
  1719 | D:5      | Entered Level 5 of the Dungeon
  1741 | D:5      | Noticed a sky beast
  1747 | D:5      | Killed a sky beast
  1747 | D:5      | Reached skill level 5 in Armour
  1747 | D:5      | Reached XP level 7. HP: 48/64 MP: 5/5
  1935 | D:4      | Reached skill level 6 in Axes
  1981 | D:4      | HP: 30/64 [centaur/arrow (3)]
  2455 | D:5      | Reached skill level 7 in Axes
  2945 | D:5      | Reached XP level 8. HP: 53/73 MP: 4/4
  3173 | D:6      | Found a staircase to the Ecumenical Temple.
  3192 | Temple   | Entered the Ecumenical Temple
  3280 | Temple   | Became a worshipper of Makhleb the Destroyer
  3344 | D:6      | Reached skill level 5 in Fighting
  3373 | D:6      | Reached skill level 1 in Invocations
  3484 | D:6      | Reached skill level 1 in Dodging
  3593 | D:6      | Reached skill level 8 in Axes
  3753 | D:7      | Got a smoking trident
  3754 | D:7      | Identified the +9 trident "Bofemiap" {flame, +Rage +Inv
                  | Int-5 SInv} (You found it on level 7 of the Dungeon)
  3838 | D:7      | Got a pitted iron amulet
  3841 | D:7      | Found a huge runed translucent gate.
  3841 | D:7      | Found a huge runed translucent gate.
  3841 | D:7      | Noticed a polar bear
  3841 | D:7      | Noticed a polar bear
  3842 | D:7      | Found a huge runed translucent gate.
  3842 | D:7      | Noticed a death yak
  3842 | D:7      | Noticed a manticore
  3843 | D:7      | Identified the amulet of Sixuw {Faith rC+ Dex+4} (You found
                  | it on level 7 of the Dungeon)
  3843 | D:7      | Noticed a polar bear
  3844 | D:7      | Found a huge runed translucent gate.
  3844 | D:7      | Noticed a polar bear
  3845 | D:7      | Noticed a death yak
  3885 | D:7      | Reached * piety under Makhleb
  3893 | D:7      | Found an ancient bone altar of Kikubaaqudgha.
  3913 | D:7      | Found Effec's Assorted Antiques.
  3921 | D:7      | Noticed Dowan
  3923 | D:7      | Noticed Duvessa
  3932 | D:7      | Killed Duvessa
  3935 | D:7      | Killed Dowan
  3944 | D:7      | Bought a scroll labeled CUILUDWU YRAHUDD for 28 gold pieces
  3944 | D:7      | Bought a bubbling purple potion for 25 gold pieces
  3944 | D:7      | Bought a pair of gloves for 126 gold pieces
  3964 | D:7      | Found a white marble altar of Elyvilon.
  3964 | D:7      | Found a bloodstained altar of Trog.
  4520 | D:8      | Noticed Joseph
  4529 | D:8      | HP: 35/75 [centaur/arrow (5)]
  4535 | D:8      | Gained mutation: You passively map the area around you.
                  | [Deep Dwarf growth]
  4535 | D:8      | Reached XP level 9. HP: 64/81 MP: 4/4
  4538 | D:8      | Killed Joseph
  4626 | D:8      | Reached skill level 9 in Axes
  4687 | D:8      | Got a warped glaive
  4689 | D:8      | Found an opulent altar of Gozag.
  4706 | D:8      | HP: 41/82 [hippogriff (2)]
  4713 | D:8      | HP: 40/82 [killer bee (3)]
  4719 | D:8      | Reached ** piety under Makhleb
  4778 | D:8      | Reached skill level 5 in Invocations
  5002 | D:8      | Found a shimmering altar of Xom.
  5180 | D:9      | Reached skill level 10 in Axes
  5197 | D:9      | Got a sapphire short sword
  5216 | D:9      | Reached *** piety under Makhleb
  5342 | D:9      | Reached XP level 10. HP: 86/92 MP: 7/7
  5387 | D:9      | Found a glowing golden altar of the Shining One.
  5710 | D:9      | Reached skill level 5 in Dodging
  5728 | D:9      | HP: 39/92 [/a scroll of torment (33)]
  5830 | D:9      | HP: 37/92 [hornet (12)]
  5839 | D:9      | HP: 44/92 [poisoned by a hornet]
  5842 | D:9      | Paralysed by a hornet for 3 turns
  5844 | D:9      | HP: 38/92 [poisoned by a hornet]
  5851 | D:9      | Paralysed by a hornet for 3 turns
  6067 | D:10     | Entered Level 10 of the Dungeon
  6086 | D:10     | Noticed Urug
  6089 | D:10     | HP: 41/92 [orc priest/divine providence (11)]
  6099 | D:10     | Killed Urug
  6099 | D:10     | Reached skill level 11 in Axes
  6139 | D:10     | Paralysed by a hornet for 1 turns
  6139 | D:10     | HP: 46/94 [hornet (9)]
  6159 | D:10     | Noticed Grum
  6169 | D:10     | Killed Grum
  6171 | D:10     | HP: 45/94 [poisoned by Grum]
  6221 | D:10     | Noticed Erica
  6224 | D:10     | Reached **** piety under Makhleb
  6227 | D:10     | HP: 21/94 [something/orb of energy (32)]
  6284 | D:10     | HP: 44/94 [Erica] (4)]
  6286 | D:10     | HP: 19/94 [poisoned by Erica (poison gas)]
  6288 | D:10     | Killed Erica
  6504 | D:10     | Killed an unseen horror
  6504 | D:10     | Reached XP level 11. HP: 91/100 MP: 6/6
  6546 | D:10     | Noticed a deep elf mage
  6565 | D:10     | Killed a deep elf mage
  6671 | D:10     | Found a staircase to the Orcish Mines.
  6786 | D:11     | Found Ciuxkeot's General Store.
  6823 | D:11     | Reached skill level 12 in Axes
  6847 | D:11     | Bought a potion of agility for 60 gold pieces
  6847 | D:11     | Bought a scroll of fear for 52 gold pieces
  6847 | D:11     | Bought a scroll of teleportation for 45 gold pieces
  6935 | D:11     | Noticed a catoblepas
  6943 | D:11     | HP: 49/102 [catoblepas (15)]
  6944 | D:11     | HP: 24/102 [catoblepas (25)]
  6959 | D:11     | Killed a catoblepas
  6970 | D:11     | Bought a scroll of identify for 30 gold pieces
  6970 | D:11     | Identified the +6 glaive of the Skies Above {holy, Fragile
                  | rPois Dex+2} (You found it on level 8 of the Dungeon)
  6981 | D:11     | Found a staircase to the Lair.
  7004 | D:11     | Reached ***** piety under Makhleb
  7019 | D:11     | Killed an unseen horror
  7122 | D:11     | Noticed a seven-headed hydra
  7133 | D:11     | HP: 47/103 [seven-headed hydra (5)]
  7139 | D:11     | Killed a two-headed hydra
  7559 | Lair:1   | Entered Level 1 of the Lair of Beasts
  7559 | Lair:1   | Found a frozen archway.
  7591 | IceCv    | Entered an ice cave
  7602 | IceCv    | Reached skill level 10 in Armour
  7612 | IceCv    | Reached skill level 13 in Axes
  7653 | IceCv    | HP: 36/104 [polar bear (18)]
  7655 | IceCv    | Reached XP level 12. HP: 56/112 MP: 9/9
  7915 | IceCv    | HP: 46/112 [polar bear (11)]
  7924 | IceCv    | HP: 47/112 [polar bear (10)]
  8003 | IceCv    | Reached skill level 10 in Invocations
  8016 | IceCv    | Noticed a frost giant
  8041 | IceCv    | Killed a frost giant
  8300 | Lair:1   | Reached skill level 14 in Axes
  8628 | Lair:1   | Found a runed translucent door.
  8935 | Lair:1   | HP: 56/114 [electric eel/bolt of electricity (7)]
  8940 | Lair:1   | HP: 44/114 [electric eel/bolt of electricity (7)]
  9061 | Lair:2   | Noticed Nergalle
  9071 | Lair:2   | Killed Nergalle
  9094 | Lair:2   | Noticed an ice dragon
  9109 | Lair:2   | Killed an ice dragon
  9192 | Lair:2   | Reached ****** piety under Makhleb
  9294 | Lair:2   | Noticed an eight-headed hydra
  9306 | Lair:2   | Killed a seven-headed hydra
  9306 | Lair:2   | Reached XP level 13. HP: 94/121 MP: 9/9
  9338 | Lair:2   | Noticed Gastronok
  9355 | Lair:2   | Killed Gastronok
  9402 | Lair:2   | HP: 51/121 [death yak (15)]
  9411 | Lair:2   | HP: 56/121 [death yak (3)]
  9417 | Lair:2   | HP: 57/121 [death yak (16)]
  9440 | Lair:2   | Reached skill level 15 in Axes
  9792 | Lair:3   | Got a scorched rapier
 10406 | Lair:3   | Found a staircase to the Shoals.
 10430 | Lair:3   | Reached skill level 10 in Fighting
 10866 | Lair:4   | Found a hole to the Spider Nest.
 10906 | Lair:4   | You fall into a shaft and drop 2 floors!
 10906 | Lair:6   | Entered Level 6 of the Lair of Beasts
 11216 | Lair:6   | Found a viscous altar of Jiyva.
 11216 | Lair:6   | Found a staircase to the Slime Pits.
 11292 | Lair:6   | Reached skill level 16 in Axes
 11559 | Lair:6   | Gained mutation: You resist negative energy. (rN+) [Deep
                  | Dwarf growth]
 11559 | Lair:6   | Reached XP level 14. HP: 133/133 MP: 9/9
 11914 | Lair:6   | HP: 61/133 [dire elephant (6)]
 11924 | Lair:6   | HP: 83/199 [dire elephant (11)]
 11931 | Lair:6   | HP: 78/199 [dire elephant (5)]
 11938 | Lair:6   | HP: 56/133 [dire elephant (9)]
 12059 | Lair:6   | HP: 55/133 [dire elephant (14)]
 12064 | Lair:6   | HP: 42/133 [dire elephant (13)]
 12069 | Lair:6   | HP: 59/133 [dire elephant (18)]
 12782 | Lair:5   | Noticed an entropy weaver
 12947 | Lair:5   | Killed an entropy weaver
 12960 | Lair:5   | Noticed an entropy weaver
 12970 | Lair:5   | Killed an entropy weaver
 13375 | Lair:4   | Reached skill level 17 in Axes
 13813 | Orc:1    | Entered Level 1 of the Orcish Mines
 13842 | Orc:1    | Reached skill level 1 in Evocations
 13890 | Orc:1    | Found an iron altar of Okawaru.
 14012 | Orc:2    | Entered Level 2 of the Orcish Mines
 14108 | Orc:2    | HP: 66/135 [orc warrior/+0 mace (13)]
 14113 | Orc:2    | HP: 32/135 [orc warrior/+0 halberd (5)]
 14116 | Orc:2    | HP: 14/135 [orc warrior/cursed -2 broad axe (3)]
 14136 | Orc:2    | HP: 21/135 [orc warrior/+4 flail (7)]
 14142 | Orc:1    | HP: 29/135 [orc warrior/+4 flail (7)]
 14173 | Orc:2    | HP: 61/135 [orc warrior/bolt (11)]
 14182 | Orc:2    | HP: 47/135 [orc warrior/+0 short sword (10)]
 14188 | Orc:2    | HP: 37/135 [orc warrior/+0 halberd (10)]
 14188 | Orc:2    | HP: 9/135 [orc warrior/+0 battleaxe (28)]
 14348 | Orc:2    | Found a staircase to the Elven Halls.
 14414 | Orc:2    | HP: 62/135 [ettin/+0 dire flail (35)]
 14419 | Orc:2    | HP: 52/135 [ettin/+0 dire flail (10)]
 14425 | Orc:2    | HP: 50/135 [troll (3)]
 14454 | Orc:2    | Found Hityv's Jewellery Shoppe.
 14454 | Orc:2    | Found Hydex's Antique Armour Shop.
 14456 | Orc:2    | Found Caoniabb's Weapon Boutique.
 14458 | Orc:2    | Found Reivin's Food Emporium.
 14462 | Orc:2    | Bought the ring of Esiasuc {rPois rF+ Dex+4} for 587 gold
                  | pieces
 14893 | Orc:1    | Found a roughly hewn altar of Beogh.
 14899 | Orc:1    | HP: 59/135 [orc priest/divine providence (13)]
 14915 | Orc:1    | HP: 55/135 [ogre/+0 giant club (7)]
 14918 | Orc:1    | HP: 26/135 [orc/+0 trident (5)]
 15140 | Orc:2    | Bought a glowing plate armour for 962 gold pieces
 15337 | Spider:1 | Entered Level 1 of the Spider Nest
 15354 | Spider:1 | HP: 63/135 [wolf spider (16)]
 15360 | Spider:1 | HP: 60/135 [disintegration (29)]
 15362 | Spider:1 | HP: 14/135 [disintegration (31)]
 15367 | Spider:1 | HP: 41/135 [poisoned by a wolf spider]
 15368 | Spider:1 | HP: 19/135 [poisoned by a wolf spider]
 15374 | Spider:1 | Reached XP level 15. HP: 122/142 MP: 5/5
 15504 | Spider:2 | HP: 69/142 [poisoned by an emperor scorpion]
 15512 | Spider:2 | HP: 69/142 [emperor scorpion (4)]
 15726 | Spider:4 | Entered Level 4 of the Spider Nest
 15831 | Spider:4 | Killed a ghost moth
 15836 | Spider:4 | Killed a ghost moth
 15858 | Spider:4 | HP: 64/144 [emperor scorpion (11)]
 15859 | Spider:4 | HP: 26/144 [spark wasp (10)]
 15859 | Spider:4 | HP: 7/144 [emperor scorpion (8)]
 15864 | Spider:4 | HP: 20/144 [spark wasp (4)]
 15864 | Spider:4 | HP: 5/144 [spark wasp (15)]
 15864 | Spider:4 | Slain by a spark wasp

Levels and vault maps discovered:
D:1:      ncdulo_watergridlock, layout_rooms
D:2:      layout_loops_ring, uniq_jessica
D:3:      layout_rooms, kennysheep_doodads, uniq_terence, uniq_robin
D:4:      layout_rooms, first_ration, chequers_arboretum, goddamned_bats
D:5:      layout_gridville, kennysheep_generic_room_4
D:6:      layout_rooms, minmay_temple_entry_waves, serial_glass,
          glass_columns_a, glass_columns_a, glass_columns_c, glass_columns_c,
          glass_columns_a, glass_columns_a
D:7:      lemuel_bear_cage, layout_loops_ring, kennysheep_mini,
          gammafunk_temple_overflow_pools, serial_shops, shop, chequers_garden,
          uniq_duvessa
D:8:      layout_cave_pools, xom_butterflies, grunt_gozag_breadcrumbs,
          uniq_joseph
D:9:      minmay_bloctagon_deflated, layout_cave_pods,
          hangedman_pestilent_swarm, nicolae_tso_swordbearing_angel
D:10:     layout_roguey, orc_0_dummy, uniq_grum, uniq_erica, uniq_urug
D:11:     minmay_distorted_concentric_squares, layout_basic, david_lair_generic,
          serial_shops, shop
Temple:   regret_index_temple_mists
Lair:1:   gammafunk_lair_enchanted_lake, layout_misc_corridors,
          portal_ice_cave_entry_ice_beasts, minmay_lair_oklob_chamber
Lair:2:   layout_long_grid, ice2_lemuel, uniq_gastronok, uniq_nergalle
Lair:3:   layout_cave_pods, elwin_shoals_entry_stream
Lair:4:   layout_regular_city, nicolae_spider_entry_tight_spaces
Lair:5:   beast_lair_carwin_large_3, layout_long_grid, zaba_antful_of_joy,
          infiniplex_staircase_pool
Lair:6:   due_jungle_book, layout_regular_city, dpeg_slime_entry_enclosed_altar
Spider:1: layout_spider_delve, guppyfry_spider_mini_2
Spider:2: layout_spider_delve, nicolae_arachne_temple, uniq_aizul, uniq_kirke
Spider:3: layout_spider_delve, nicolae_spider_circle_web,
          spiders_nest_hornet_nest, uniq_arachne
Spider:4: spider_rune_water, uniq_asterion
Orc:1:    layout_caves, basic_altar, serial_shops, okawaru_metal_pillars_3
Orc:2:    st_orc_rangers, layout_caves, gauntlet_entry_generic,
          nicolae_orc_tapped_out

Skill      XL: |  1  2  3  4  5  6  7  8  9 10 11 12 13 14 15 |
---------------+----------------------------------------------+-----
Fighting       | 3 4 5 6 7 8 9 10 11 | 11.9
Axes           | 3 4 5 7 8 10 11 13 14 16 17 | 17.7
Armour         | 4 5 6 7 8 10 11 12 13 | 13.4
Shields        | 4 |  4.4
Invocations    | 3 5 7 9 11 12 13 14 | 14.1
Dodging        | 2 4 5 |  5.6
Evocations     | 3 4 |  4.9

Action                   |  1- 3 |  4- 6 |  7- 9 | 10-12 | 13-15 || total
-------------------------+-------+-------+-------+-------+-------++-------
Melee: War axe           |    83 |   103 |       |       |       ||   186
       Battleaxe         |       |    50 |   365 |   608 |   795 ||  1818
       Hand axe          |       |       |       |    17 |    42 ||    59
Throw: Throwing net      |       |       |       |       |     2 ||     2
Invok: Lesser Servant of |       |       |       |     1 |       ||     1
       Greater Servant o |       |       |       |       |     7 ||     7
 Abil: Heal Wounds       |     1 |     4 |    11 |    25 |    48 ||    89
       Evoke Flight      |       |       |       |       |     2 ||     2
Evoke: Phantom mirror    |       |       |       |       |     1 ||     1
  Use: Scroll            |       |     6 |    13 |     7 |     7 ||    33
       Potion            |       |       |       |     1 |     2 ||     3
 Stab: Distracted        |       |       |       |       |     1 ||     1
  Eat: Chunk             |       |     3 |    15 |    14 |    19 ||    51
       Ration            |       |       |       |       |     1 ||     1
Armor: Scale mail        |    37 |    95 |   252 |    40 |       ||   424
       Chain mail        |       |       |       |   528 |   732 ||  1260
Dodge: Dodged            |    24 |    79 |   272 |   554 |   711 ||  1640
Block: Shield            |    41 |    63 |       |       |       ||   104
